 Dungeon Crawl Stone Soup version 0.31.0 (webtiles) character file.

Game seed: 9893791849133706941

837 Sobieck the Skirmisher (level 7, -1/50 HPs)
             Began as a Mummy Hunter on Jan 19, 2024.
             Was an Initiate of Qazlal.
             Killed from afar by an orc wizard (13 damage)
             ... with a puff of flame
             ... on level 5 of the Dungeon.
             The game lasted 00:13:06 (5977 turns).

Sobieck the Skirmisher (Mummy Hunter)               Turns: 5977, Time: 00:13:06

Health: -1/50      AC:  6    Str: 15    XL:     7   Next: 66%
Magic:  7/7        EV: 12    Int:  8    God:    Qazlal [......]
Gold:   294        SH:  0    Dex: 17    Spells: 6/6 levels left

rFire   x . .        a - +0 shortbow
rCold   + . .        (shield currently unavailable)
rNeg    + + +        c - +0 leather armour
rPois   ∞            b - +1 helmet
rElec   .            d - +0 cloak
rCorr   .            (no gloves)
SInv    .            (no boots)
Will    +....        (no amulet)
Stlth   ++           m - ring of willpower
HPRegen 0.28/turn    (no ring)
MPRegen 0.10/turn

%: faith
@: about to teleport
A: cold resistance 1, negative energy resistance 3, torment resistance 2, heat
vulnerability 1, in touch with death 1, no potions, faith
a: Renounce Religion


You were on level 5 of the Dungeon.
You worshipped Qazlal.
Qazlal was noncommittal.
You visited 2 branches of the dungeon, and saw 7 of its levels.

You collected 294 gold pieces.

Inventory:

Hand Weapons
 a - a +0 shortbow (weapon)
Armour
 b - a +1 helmet (worn)
 c - a +0 leather armour (worn)
 d - a +0 cloak (worn)
 e - a +0 cloak
 i - a +0 pair of boots
Jewellery
 m - a ring of willpower (left hand)
Wands
 V - a wand of flame (7)
Scrolls
 f - a scroll of enchant weapon {unknown}
 g - a scroll of revelation
 h - a scroll of enchant armour
 T - 5 scrolls of teleportation


   Skills:
 - Level 2.0 Fighting
 + Level 8.0 Ranged Weapons
 - Level 1.5 Dodging
 - Level 0.7 Stealth


You had 6 spell levels left.
You didn't know any spells.
Your spell library contained the following spells:

 Spells                   Type           Power      Damage    Failure   Level
 Sting                    Conj/Alch      0%         1d3       47%         1
 Mercury Vapours          Alch/Air       0%         N/A       63%         2
 Inner Flame              Hex/Fire       0%         N/A       85%         3
 Olgreb's Toxic Radiance  Alch           0%         N/A       99%         4
 Irradiate                Conj/Alch      0%         3d11      100%        5
 Malign Gateway           Summ/Tloc      0%         N/A       100%        7
 Ignition                 Fire           0%         3d3       100%        8
 Summon Horrible Things   Summ           0%         N/A       100%        8


Dungeon Overview and Level Annotations

Branches:
Dungeon (6/15)             Temple (1/1) D:4

Altars:
Ashenzari
Cheibriados
Dithmenos
Fedhas
Hepliaklqana
Kikubaaqudgha
Makhleb
Nemelex Xobeh
Okawaru
Qazlal
Ru
Sif Muna
Trog
Vehumet
Yredelemnul

Shops:
D:5 [

Annotations:
D:4 1 runed translucent door, GKuma's ghost, amateur NaSh; Pikel


Innate Abilities, Weirdness & Mutations

You are immune to poison.
Your flesh is cold resistant. (rC+)
You are immune to negative energy. (rN+++)
You are immune to unholy pain and torment.
You are vulnerable to heat. (rF-)
You are in touch with the powers of death.
You do not drink.
You have a special connection with the divine. (Faith)


Message History

There is a stone staircase leading down here.
You shoot an arrow. The arrow closely misses the orc.
The orc closely misses you. Something hits you.
Deactivating autopickup; reactivate with Ctrl-A.
You shoot an arrow. The arrow hits the orc.
The orc is moderately wounded.
The orc closely misses you. Something barely misses you.
You shoot an arrow. The arrow barely misses the orc.
The orc closely misses you.
You hear some strange, mumbled words.
A puff of flame appears from out of thin air!
The puff of flame hits you!! The fire burns you terribly!
You shoot an arrow. The arrow barely misses the orc.
The orc closely misses you. Something hits you but does no damage.
Unknown command.
You shoot an arrow. The arrow hits the orc.
You kill the orc!
Qazlal accepts your kill. Something hits you but does no damage.
Unknown command.
You shoot an arrow. Something hits you.
You shoot an arrow. Something hits you but does no damage.
You shoot an arrow. Something barely misses you.
You shoot an arrow. Something hits you.
You shoot an arrow. Something hits you.
You shoot an arrow. Something hits you but does no damage.
You shoot an arrow. Something hits you but does no damage.
You shoot an arrow. Something hits you.
You shoot an arrow. Something hits you. x2
You shoot an arrow.
You hear some strange, mumbled words.
A magic dart appears from out of thin air!
The magic dart hits you.
* * * LOW HITPOINT WARNING * * *
You shoot an arrow. Something hits you.
* * * LOW HITPOINT WARNING * * *
Unknown command.
You shoot an arrow.
You hear some strange, mumbled words.
A magic dart appears from out of thin air!
The magic dart hits you but does no damage.
Unknown command.
As you read the scroll of teleportation, it crumbles to dust.
You feel strangely unstable. Something hits you but does no damage.
Unknown command.
You shoot an arrow.
You hear some strange, mumbled words.
A puff of flame appears from out of thin air!
The puff of flame hits you! The fire burns you terribly!
You die...

..####.# #...#
#.)<).........## ..####.#
#...# ######.########
.......# #...# #.......#
..###### #...# ##.####.#
#.# ######...# ### #.# #.#
#........# ##### #.# ..#
#.#####.#######...##
#.####
#######.#####.##...#.....#
#.....
#...........)@{.......#
#####♣
#.#..#####.##...#.....# #
#..#.#####.#######...## #
#.###......# #......#
##.#.#####.# #.##.#.#
##.######.#####.#..#.# #.#
#.......##.#.##.#
#.###.......##.#.##.#
#..##.......##......#


There were no monsters in sight!

Vanquished Creatures
  An ogre (D:2)
  A bullfrog (D:3)
  2 scorpions (D:5)
  2 hounds (D:5)
  2 orc priests
  2 jellies
  6 orc wizards
  Terence (D:2)
  An iguana (D:5)
  Robin (D:1)
  2 adders
  A white imp (D:5)
  2 ufetubi (D:4)
  3 ribbon worms
  3 dart slugs
  14 orcs
  7 ball pythons
  11 bats
  6 endoplasms
  3 giant cockroaches
  20 goblins
  9 hobgoblins
  4 jackals (D:4)
  3 quokkas
  2 frilled lizards
  7 kobolds
  5 rats
121 creatures vanquished.

Vanquished Creatures (others)
  A human (D:4)
1 creature vanquished.

Grand Total: 122 creatures vanquished

Notes
Turn   | Place    | Note
-------+----------+-------------------------------------------
     0 | D:1      | Sobieck the Mummy Hunter began the quest for the Orb.
     0 | D:1      | Reached XP level 1. HP: 16/16 MP: 1/1
   121 | D:1      | Reached XP level 2. HP: 22/22 MP: 2/2
   214 | D:1      | Reached skill level 4 in Ranged Weapons
   318 | D:1      | Reached XP level 3. HP: 26/27 MP: 3/3
   522 | D:2      | Noticed Robin
   590 | D:1      | Killed Robin
   873 | D:2      | Reached XP level 4. HP: 33/33 MP: 4/4
  1017 | D:2      | Reached skill level 5 in Ranged Weapons
  1034 | D:2      | Noticed an ogre
  1051 | D:2      | Killed an ogre
  1052 | D:2      | Reached XP level 5. HP: 13/38 MP: 5/5
  1222 | D:2      | Noticed Terence
  1242 | D:2      | Killed Terence
  1243 | D:2      | Reached skill level 6 in Ranged Weapons
  1774 | D:2      | Reached XP level 6. HP: 44/44 MP: 6/6
  1872 | D:3      | Found a sacrificial altar of Ru.
  2308 | D:3      | Found a radiant altar of Vehumet.
  2516 | D:4      | Found a shimmering blue altar of Sif Muna.
  2535 | D:4      | Found a staircase to the Ecumenical Temple.
  2539 | Temple   | Entered the Ecumenical Temple
  3068 | D:4      | Found a runed translucent door.
  3068 | D:4      | Noticed GKuma's ghost (amateur NaSh)
  3781 | D:4      | Found an ancient bone altar of Kikubaaqudgha.
  3781 | D:4      | Noticed a human
  3786 | D:4      | Killed a human
  3861 | D:4      | Found a stormy altar of Qazlal.
  3884 | D:4      | Became a worshipper of Qazlal Stormbringer
  4289 | D:4      | Found a basalt altar of Yredelemnul.
  4322 | D:4      | Reached skill level 7 in Ranged Weapons
  4354 | D:4      | Noticed Pikel
  4506 | D:5      | Entered Level 5 of the Dungeon
  4510 | D:5      | Reached XP level 7. HP: 50/50 MP: 7/7
  4859 | D:5      | Found a hazy altar of Hepliaklqana.
  5232 | D:5      | Found Lownenog's Armour Emporium.
  5351 | D:5      | Reached skill level 8 in Ranged Weapons
  5907 | D:5      | Found an iron altar of Okawaru.
  5977 | D:5      | Killed from afar by an orc wizard

Illustrated notes

Levels and vault maps discovered:
D:1:      grunt_arrival_crossed_arrows, layout_basic,
          chequers_serial_rivers_small_a
D:2:      layout_basic, wad_floor_pattern_untrapped, st_stairs_6, minivault_11,
          reono_crystal_passage, uniq_terence, uniq_robin
D:3:      layout_basic, mainiacjoe_overflow_six_doors_small,
          mainiacjoe_overflow_chevrons, hangedman_abyss_or_decor_stabs
D:4:      layout_layer_cave, kennysheep_ying_yang, mainiacjoe_overflow_catwalk,
          tgw_kikubaaqudgha, amcnicky_altar_gilded,
          minmay_temple_entry_steel_oval, ebering_ghost_sewer_d, uniq_pikel
D:5:      layout_loops_cross, nicolae_overflow_crystal_walls,
          overflow_temple_1_default, serial_shops, nicolae_shop_trees,
          nicolae_zen_rock_garden
D:6:      layout_loops_ring, mainiacjoe_sewer_entry_somewhere_in_here_1,
          serial_shops, shop, shop, nicolae_shop_bloodbath_and_beyond,
          wad_floor_pattern_2
Temple:   hellmonk_temple_of_storms

Skill      XL: |  1  2  3  4  5  6  7 |
---------------+----------------------+-----
Ranged Weapons | 4 5 6 7 8 |  8.0
Fighting       | |  2.0
Dodging        | |  1.5
Stealth        | |  0.7

Action                     |  1- 3 |  4- 6 |  7- 9 || total
---------------------------+-------+-------+-------++-------
  Melee: Shortbow          |       |     1 |       ||     1
   Fire: Shortbow          |   105 |   232 |   158 ||   495
    Use: Scroll            |     1 |     3 |     8 ||    12
 Armour: Leather armour    |    30 |    40 |    74 ||   144
  Dodge: Dodged            |    28 |    53 |    65 ||   146
